 Dungeon Crawl Stone Soup version 0.30-a0-916-g9813417 (webtiles) character file.

Game seed: 889078011458258909

46 Dorkslayer the Covered (level 3, -1/23 HPs)
             Began as a Gargoyle Fighter on Apr 13, 2023.
             Slain by a gnoll
             ... wielding a +0 flail
              (4 damage)
             ... on level 2 of the Dungeon.
             The game lasted 00:03:00 (806 turns).

Dorkslayer the Covered (Gargoyle Fighter)            Turns: 806, Time: 00:03:01

Health: -1/23      AC: 12    Str: 21    XL:     3   Next: 68%
Magic:  3/3        EV:  7    Int:  8    God:
Gold:   48         SH:  4    Dex:  9    Spells: 2/2 levels left

rFire   . . .      SeeInvis .    a - +0 war axe
rCold   . . .      Faith    .    c - +0 buckler
rNeg    + . .      Spirit   .    k - +0 chain mail
rPois   ∞          Reflect  .    (no helmet)
rElec   +          Rampage  .    (no cloak)
rCorr   .                        (no gloves)
Will    .....                    (no boots) Stlth
                                 (no amulet)
HPRegen 0.23/turn                (no ring)
MPRegen 0.08/turn                (no ring)

@: no status effects
A: sickness immunity, AC +3, negative energy resistance 1, electricity
resistance, torment resistance 1, petrification resistance
a: no special abilities


You were on level 2 of the Dungeon.
You visited 1 branch of the dungeon, and saw 2 of its levels.

You collected 48 gold pieces.

Inventory:

Hand Weapons
 a - a +0 war axe (weapon)
Armour
 c - a +0 buckler (worn)
 k - a +0 chain mail (worn)
Scrolls
 e - 3 scrolls of teleportation {unknown}
 f - a scroll of torment {unknown}
 h - a scroll of fog {unknown}
 j - a scroll of enchant weapon {unknown}
 m - 2 scrolls of identify {unknown}
Potions
 b - a potion of brilliance {unknown}
 d - 2 potions of might
 g - 2 potions of haste {unknown}
 i - a potion of curing {unknown}
 l - a potion of invisibility {unknown}
 n - a potion of lignification {unknown}
 o - 2 potions of degeneration {unknown}


   Skills:
 + Level 3.6 Fighting
 + Level 2.2 Axes
 + Level 3.6 Armour
 * Level 1.2 Dodging
 + Level 3.5 Shields


You had 2 spell levels left.
You didn't know any spells.
Your spell library was empty.

Dungeon Overview and Level Annotations

Branches:
Dungeon (2/15)

Altars:
Okawaru

Shops:
D:1 (


Innate Abilities, Weirdness & Mutations

You are immune to sickness and miasma.
Your stone body is resilient. (AC +3)
You are immune to poison.
You resist negative energy. (rN+)
You are resistant to electric shocks. (rElec)
You are resistant to unholy torment.
You are immune to petrification.


Message History

The goblin hits you with a +1 dagger of venom.
You hit the goblin.
The goblin is moderately wounded.
The goblin misses you. You block the goblin's attack.
You slash the goblin!
You kill the goblin!
Things that are here:
a +1 dagger of venom; a goblin corpse
There is a stone staircase leading down here.
Found 6 stones.
You see here 6 stones.
You open the door.
A dart slug and 3 gnolls come into view.
The gnoll shouts! x2; You hear a shout!
The dart slug launches a dart at you. The slug dart hits you.
Found a fizzy golden potion and a scroll labelled UXTUUBRAONU.
A gnoll comes into view. It is wielding a +0 whip.
There is an open door here.
You see here a fizzy golden potion.
The gnoll hits you with a +0 halberd. The gnoll barely misses you.
The dart slug launches a dart at you.
The slug dart hits you but does no damage.
You block the gnoll's attack. x2; The gnoll hits you with a +0 flail.
Unknown command.
You hit the gnoll.
The gnoll is heavily wounded.
You hit the gnoll but do no damage. You barely miss the gnoll.
You hit the dart slug. You hit the gnoll.
The gnoll hits you but does no damage. The gnoll hits you with a +0 spear!
* * * LOW HITPOINT WARNING * * *
The gnoll closely misses you. The gnoll hits you but does no damage.
You block the gnoll's attack. x2; The gnoll hits you with a +0 flail.
* * * LOW HITPOINT WARNING * * *
The gnoll barely misses you. The dart slug launches a dart at you.
The slug dart hits you but does no damage.
The gnoll hits you but does no damage. x2; The gnoll barely misses you.
You block the gnoll's attack. The gnoll hits you with a +0 flail.
You die...

#.............##
##...########..######..
##.## ##.......... #(#
#.....####.. #.#
##...## #####.####
##.## #........# #.#
#.###.##.# #.# #.#
#.##.# ##@## #.###.##.#
##gg!## #.##..##.#
#.g.g.# #.##.#.#.#
#...w...#
#.##.....###.........#
.....>.....+.........+
##.........#.......?.#
#...))###.##.......##
#.....# .###.....##


You could see 4 gnolls and a dart slug.

Vanquished Creatures
  An adder (D:2)
  3 bats (D:1)
  2 endoplasms
  A giant cockroach (D:1)
  2 goblins (D:2)
  4 hobgoblins
  3 jackals (D:1)
  4 kobolds
  A quokka (D:1)
  6 ball pythons
  6 rats
33 creatures vanquished.

Notes
Turn   | Place    | Note
-------+----------+-------------------------------------------
     0 | D:1      | Dorkslayer the Gargoyle Fighter began the quest for the
                  | Orb.
     0 | D:1      | Reached XP level 1. HP: 14/14 MP: 1/1
    58 | D:1      | Reached XP level 2. HP: 18/19 MP: 2/2
   115 | D:1      | Found Acad's Weapon Shoppe.
   323 | D:1      | Reached skill level 1 in Dodging
   330 | D:1      | Found a faded altar of an unknown god.
   393 | D:1      | Reached XP level 3. HP: 23/23 MP: 3/3
   546 | D:2      | Found an iron altar of Okawaru.
   806 | D:2      | Slain by a gnoll

Illustrated notes

Levels and vault maps discovered:
D:1:      lemuel_arrival_cross, layout_rooms, serial_shops,
          nicolae_shop_statue_plus, basic_ecumenical_altar,
          grunt_decor_one_mirror
D:2:      layout_loops_corners, basic_altar

Skill      XL: |  1  2 |
---------------+-------+-----
Axes           | 2 |  2.2
Dodging        | 1 |  1.2
Fighting       | |  3.6
Armour         | |  3.6
Shields        | |  3.5

Action                     || total
---------------------------++-------
  Melee: War axe           ||    67
 Armour: Scale mail        ||    24
         Chain mail        ||    30
  Dodge: Dodged            ||    43
  Block: Buckler           ||    21

Table legend: (Time is in decaauts)
 A = Elapsed time spent in this place.
 B = Non-inter-level travel time spent in this place.
 C = Inter-level travel time spent in this place.
 D = Time resting spent in this place.
 E = Time spent auto-exploring this place.
 F = Levels seen in this place.
 G = Mean time per level.
                   A        B        C        D        E       F      G
               +--------+--------+--------+--------+--------+-----+--------+
         Total |    834 |    834 |      0 |      0 |    253 |   2 |  417.0 |
       Dungeon |    834 |    834 |      0 |      0 |    253 |   2 |  417.0 |
               +--------+--------+--------+--------+--------+-----+--------+

Top non-repeatable levels by time:
     D:1: 422 daAuts
     D:2: 412 daAuts
